 Dungeon Crawl Stone Soup version 0.31.0-12-g77e489cdc1 (webtiles) character file.

Game seed: 12287973993621469378

312 baka the Conjurer (level 6, 0/44 HPs)
             Began as a Human Conjurer on Feb 19, 2024.
             Was a Follower of Wu Jian.
             Slain by Blork the orc
             ... wielding a +0 battleaxe
              (14 damage)
             ... on level 5 of the Dungeon.
             The game lasted 00:27:18 (4085 turns).

baka the Conjurer (Human Conjurer)                  Turns: 4085, Time: 00:27:18

Health: 0/44       AC:  7    Str:  8    XL:     6   Next: 42%
Magic:  6/10       EV: 18    Int: 18    God:    Wu Jian [*.....]
Gold:   135        SH:  0    Dex: 13    Spells: 9/11 levels left

rFire   . . .        p - +0 falchion
rCold   . . .        (no shield)
rNeg    . . .        a - +2 robe
rPois   .            k - +0 helmet
rElec   .            (no cloak)
rCorr   .            (no gloves)
SInv    .            j - +1 pair of boots
Will    .....        m - amulet of the acrobat
Stlth   ++           e - +5 ring of evasion
HPRegen 0.27/turn    (no ring)
MPRegen 0.12/turn

%: acrobat
@: no status effects
A: explore regen
a: Renounce Religion


You were on level 5 of the Dungeon.
You worshipped Wu Jian.
Wu Jian was aware of your devotion.
You visited 1 branch of the dungeon, and saw 5 of its levels.

You collected 195 gold pieces.
You spent 60 gold pieces at shops.

Inventory:

Hand Weapons
 p - a +0 falchion (weapon)
Missiles
 q - 12 poisoned darts
Armour
 a - a +2 robe (worn)
 j - a +1 pair of boots (worn)
 k - a +0 helmet (worn)
Jewellery
 e - a +5 ring of evasion (left hand)
 m - an amulet of the acrobat (around neck)
Scrolls
 c - a scroll of teleportation
 i - a scroll of enchant armour
 l - 2 scrolls of amnesia
Potions
 b - a potion of magic
 d - a potion of attraction
 f - 2 potions of brilliance {unknown}
 g - 5 potions of curing {unknown}
 h - a potion of cancellation {unknown}
 n - 2 potions of heal wounds {unknown}
 o - a potion of degeneration {unknown}
 r - a potion of resistance {unknown}


   Skills:
 + Level 2.1 Fighting
 * Level 4.5 Dodging
 - Level 2.0 Stealth
 + Level 3.1 Spellcasting
 + Level 4.9 Conjurations
 + Level 0.0 Hexes


You had 9 spell levels left.
You knew the following spells:

 Your Spells              Type           Power      Damage    Failure   Level
a - Magic Dart            Conj           80%        1d7       1%          1
b - Sting                 Conj/Alch      44%        1d5       6%          1

Your spell library contained the following spells:

 Spells                   Type           Power      Damage    Failure   Level
 Searing Ray              Conj           40%        2d5       3%          2
 Momentum Strike          Conj/Tloc      22%        3d8       9%          2
 Dazzling Flash           Conj/Hex       22%        N/A       17%         3
 Blink                    Tloc           4%         N/A       24%         2
 Lesser Beckoning         Tloc           4%         N/A       24%         2
 Mercury Vapours          Alch/Air       4%         N/A       24%         2
 Mephitic Cloud           Conj/Alch/Air  8%         N/A       24%         3
 Tukima's Dance           Hex            3%         N/A       43%         3
 Fulminant Prism          Conj/Alch      5%         3d7       50%         4
 Iskenderun's Mystic Bla  Conj/Tloc      11%        2d4       50%         4
 Olgreb's Toxic Radiance  Alch           2%         N/A       85%         4
 Passage of Golubria      Tloc           2%         N/A       85%         4
 Curse of Agony           Necr           2%         N/A       99%         5
 Silence                  Hex/Air        1%         N/A       99%         5
 Yara's Violent Unravell  Hex/Alch       1%         3d3       99%         5


Dungeon Overview and Level Annotations

Branches:
Dungeon (5/15)
 Temple: D:4-7

Altars:
Cheibriados
Nemelex Xobeh
Okawaru
Ru
Sif Muna
Uskayaw
Wu Jian
Yredelemnul
Zin

Shops:
D:1 [   D:3 (

Annotations:
D:5 Blork the orc


Innate Abilities, Weirdness & Mutations

You regain HP and MP as you explore.


Message History

Aim: Blork the orc, wielding a +0 battleaxe and wearing a +0 robe (lightly wounded, 75% to hit)
The sting hits Blork the orc but does no damage.
Blork the orc is poisoned.
Blork the orc is lightly wounded.
Blork the orc casts a spell at you. The puff of frost hits you.
Aiming: Sting (safe; 6% risk of failure)
Press: ? - help, Q - select action, (/) - cycle Shift-Dir - straight line, f/p - Blork the orc
Aim: Blork the orc, wielding a +0 battleaxe and wearing a +0 robe (lightly wounded, poisoned, 75% to hit)
The sting hits Blork the orc but does no damage.
Blork the orc looks even sicker.
Blork the orc is lightly wounded.
Aiming: Sting (safe; 6% risk of failure)
Press: ? - help, Q - select action, (/) - cycle Shift-Dir - straight line, f/p - Blork the orc
Aim: Blork the orc, wielding a +0 battleaxe and wearing a +0 robe (moderately wounded, very poisoned, 75% to hit)
The sting hits Blork the orc.
Blork the orc looks even sicker.
Blork the orc is moderately wounded.
You hit Blork the orc but do no damage.
Blork the orc is moderately wounded.
Blork the orc misses you. Blork the orc closely misses you.
You closely miss Blork the orc.
Blork the orc is moderately wounded.
Blork the orc hits you with a +0 battleaxe!
You barely miss Blork the orc.
Blork the orc is moderately wounded.
Blork the orc casts a spell.
Blork the orc seems to speed up.
You hit Blork the orc.
Blork the orc is moderately wounded.
Blork the orc hits you with a +0 battleaxe!
Blork the orc hits you with a +0 battleaxe.
* * * LOW HITPOINT WARNING * * *
Aiming: Sting (safe; 6% risk of failure)
Press: ? - help, Q - select action, (/) - cycle Shift-Dir - straight line, f/p - Blork the orc
Aim: Blork the orc, wielding a +0 battleaxe and wearing a +0 robe (heavily wounded, fast, very poisoned, 75% to hit)
The sting hits Blork the orc.
Blork the orc looks even sicker.
Blork the orc is heavily wounded.
Blork the orc barely misses you.
Blork the orc hits you with a +0 battleaxe!
You die...

##....# ..... .....
...# ...# ##..#
####.o.# ###.###@##
###.#......##
#.............#
##....####.......
#.....### #..#...
##......# #.....
#...#..##.......
##..#...#.......##..#
#.................. .


You could see Blork the orc (fast, very poisoned).

Vanquished Creatures
  An ogre (D:5)
  A bombardier beetle (D:4)
  Terence (D:2)
  Jessica (D:3)
  An iguana (D:4)
  Robin (D:2)
  3 adders
  3 dart slugs
  3 ribbon worms (D:3)
  A ball python (D:2)
  6 bats
  7 endoplasms
  2 giant cockroaches
  6 hobgoblins
  3 jackals (D:3)
  4 kobolds
  2 quokkas
  2 frilled lizards
  18 goblins
  8 rats
74 creatures vanquished.

Notes
Turn   | Place    | Note
-------+----------+-------------------------------------------
     0 | D:1      | baka the Human Conjurer began the quest for the Orb.
     0 | D:1      | Reached XP level 1. HP: 13/13 MP: 3/3
   227 | D:1      | Reached XP level 2. HP: 19/19 MP: 1/5
   287 | D:1      | Found Hurrusu's Antique Armour Shop.
   822 | D:1      | You fall into a shaft and drop 1 floor!
   848 | D:2      | Found an ornate altar of the Wu Jian Council.
   870 | D:2      | Became a worshipper of the Wu Jian Council
   959 | D:2      | Reached XP level 3. HP: 24/24 MP: 4/6
  1032 | D:2      | Noticed Terence
  1181 | D:2      | Killed Terence
  1471 | D:2      | Reached XP level 4. HP: 31/31 MP: 5/7
  1608 | D:2      | Noticed Robin
  1627 | D:2      | Reached * piety under Wu Jian
  1636 | D:2      | Reached skill level 1 in Fighting
  1645 | D:2      | Killed Robin
  2521 | D:3      | Noticed Jessica
  2527 | D:3      | Killed Jessica
  2528 | D:3      | Reached XP level 5. HP: 37/37 MP: 6/9
  2902 | D:3      | Found an iron altar of Okawaru.
  2902 | D:3      | Found a sparkling altar of Nemelex Xobeh.
  2902 | D:3      | Found a basalt altar of Yredelemnul.
  2902 | D:3      | Found a snail-covered altar of Cheibriados.
  2908 | D:3      | Found a sacrificial altar of Ru.
  2908 | D:3      | Found a glowing silver altar of Zin.
  3067 | D:3      | Found Upuriuf's Antique Weapon Shoppe.
  3120 | D:3      | Bought a falchion for 60 gold pieces
  3449 | D:4      | Found a shimmering blue altar of Sif Muna.
  3449 | D:4      | Found a hide-covered altar of Uskayaw.
  3785 | D:4      | Reached XP level 6. HP: 44/44 MP: 7/10
  3993 | D:5      | Entered Level 5 of the Dungeon
  4016 | D:5      | Learned a level 1 spell: Sting
  4073 | D:5      | Noticed Blork the orc
  4085 | D:5      | Slain by Blork the orc

Illustrated notes

Levels and vault maps discovered:
D:1:      nzn_arrival_crosshair, layout_basic, serial_forest,
          infiniplex_forest_clump_double, infiniplex_forest_clump_long,
          infiniplex_forest_end_2, infiniplex_forest_lined_room_3,
          infiniplex_forest_end_2, infiniplex_forest_diagonal,
          infiniplex_forest_clump_small, infiniplex_forest_clump_double,
          infiniplex_forest_clump_curved, infiniplex_forest_pool, serial_shops,
          nicolae_lakefront_shop, minmay_tromino_v7
D:2:      layout_loops_ring, basic_altar, minmay_misc_feat_plants, uniq_robin,
          uniq_terence
D:3:      layout_basic, minmay_overflow_temple_hex, serial_shops, shop,
          grunt_ministairs_14, uniq_jessica
D:4:      layout_rooms, minitemple, serial_bayou, serial_bayou_lagoon_a,
          serial_bayou_crossing, serial_bayou_pond_e, serial_bayou_shore_b,
          serial_bayou_pond_d
D:5:      layout_cave_pools, minmay_temple_entry_butterflies, serial_park,
          serial_park_avenue1, serial_park_tiny_2, serial_park_square2,
          serial_park_square3 [serial_park_minivault_5x5_5], uniq_blork_the_orc

Skill      XL: |  1  2  3  4  5  6 |
---------------+-------------------+-----
Dodging        | 3 4 |  4.5
Fighting       | 1 2 |  2.1
Spellcasting   | 3 |  3.1
Stealth        | |  2.0
Conjurations   | |  4.9

Action                     |  1- 3 |  4- 6 || total
---------------------------+-------+-------++-------
  Melee: Mace              |    70 |   122 ||   192
         Punch             |       |     4 ||     4
         Falchion          |       |    40 ||    40
         Dagger            |       |     4 ||     4
   Cast: Magic Dart        |    32 |    65 ||    97
         Sting             |       |     4 ||     4
Ability: Lunge             |     1 |     1 ||     2
         Whirlwind         |       |     5 ||     5
    Use: Scroll            |     5 |     3 ||     8
 Armour: Robe              |    33 |    67 ||   100
  Dodge: Dodged            |    68 |   127 ||   195
